AoeStats
← 17_Neo_

Arabia

506534143Analyzed
1v1 RM · 19d ago on Sep 13, 2026· 40m 16s· 2 players
Game mode
Random Map
Map size
Tiny (2 player)
Population
200
Speed
Normal
Resources
Standard
Victory
Conquest
Starting age
Dark Age
Ending age
Imperial Age
RankedLock teamsTeams togetherTeam positionsShared explorationLock speedFull tech treeHidden civsTurbo modeCheats
Victory
Defeat
🇨🇴 Maya · Colombia
1667
+15
🇫🇷 Vietnamese · France
1646
-15
0LeMat
7:14 Loom
9:23 Feudal Age
10:00 Double-Bit Axe
9:38 Man-at-Arms
16:49 Wheelbarrow
20:04 Castle Age
20:46 Scale Barding Armor
20:51 Forging
20:53 Bloodlines
20:47 Horse Collar
24:34 Chain Barding Armor
17_Neo_
0:28 Loom
11:56 Feudal Age
13:23 Double-Bit Axe
13:18 Horse Collar
18:45 Castle Age
17:40 Fletching
19:28 Crossbowman
20:04 Bodkin Arrow
20:14 Elite Skirmisher
24:21 Ballistics
24:34 Padded Archer Armor
26:11 Thumb Ring
30:43 Leather Archer Armor
38:35 Pikeman
39:59 Forging
39:50 Scale Mail Armor
Connection lost

Rejoining the realm…

Still unreachable

The connection could not be restored.

Session expired

The server has moved on; the page needs a fresh start.